 Dungeon Sprint DCSS version 0.31-a0-204-g7da18cac08 (webtiles) character file.

Game seed: 10909962553786645000

849 rocky1 the Fighter (level 8, -15/57 HPs)
             Began as a Gargoyle Fighter on June 28, 2023.
             Was a Plaything of Xom.
             Demolished by an earth elemental (28 damage)
             ... in the Dungeon (Sprint V: "Ziggurat Sprint").
             The game lasted 00:05:59 (532 turns).

rocky1 the Fighter (Gargoyle Fighter)                Turns: 532, Time: 00:05:59

Health: -15/57     AC: 28    Str: 33    XL:     8   Next: 1%
Magic:  8/8        EV:  6    Int: 10    God:    Xom [..*...]
Gold:   0          SH:  0    Dex:  9    Spells: 7/7 levels left

rFire   + . .        y - +7 mace of Variability {chaos, chaos arc}
rCold   + . .        (shield currently unavailable)
rNeg    + . .        E - +5 gold dragon scales
rPois   ∞            (no helmet)
rElec   +            (no cloak)
rCorr   .            (no gloves)
SInv    .            (no boots)
Will    .....        G - amulet of the acrobat Stlth
                     v - +6 ring of strength
HPRegen 0.29/turn    w - +6 ring of strength
MPRegen 0.11/turn

%: no teleportation, acrobat
@: invisible
A: sickness immunity, AC +5, negative energy resistance 1, electricity
resistance, torment resistance 1, petrification resistance
a: Renounce Religion


You were in the Dungeon.
You worshipped Xom.
You were a toy of Xom.
You visited 1 branch

Inventory:

Hand Weapons
 a - a +0 flail
 y - the +7 mace of Variability (weapon) {chaos, chaos arc}
   (You found it in the Dungeon)
Armour
 b - a +0 scale mail
 c - a +0 buckler
 D - a +5 crystal plate armour
 E - +5 gold dragon scales (worn)
 F - a +5 plate armour
Jewellery
 q - a ring of flight
 r - a +6 ring of dexterity
 s - a +6 ring of dexterity
 t - a +6 ring of intelligence
 u - a +6 ring of intelligence
 v - a +6 ring of strength (left hand)
 w - a +6 ring of strength (right hand)
 G - an amulet of the acrobat (around neck)
 I - a +6 ring of intelligence
Wands
 n - a wand of mindburst (7)
 o - a wand of iceblast (7)
 p - a wand of light (7)
 x - a wand of digging (4)
Scrolls
 j - 4 scrolls of blinking
 z - 4 scrolls of amnesia
 A - 7 scrolls of fog
 B - 5 scrolls of identify
 C - 2 scrolls of fear
Potions
 d - 6 potions of might
 e - 10 potions of curing
 f - 5 potions of heal wounds
 g - 6 potions of haste
 h - 7 potions of magic
 i - 2 potions of berserk rage
 k - 2 potions of brilliance
 l - a potion of invisibility
 m - 4 potions of resistance
Miscellaneous
 H - a piece from Xom's chessboard (15/15)
 J - a sack of spiders


   Skills:
 + Level 10.2 Fighting
 * Level 9.7 Maces & Flails
 + Level 9.9 Armour
 - Level 7.6 Shields
 * Level 3.7 Evocations


You had 7 spell levels left.
You didn't know any spells.
Your spell library contained the following spells:

 Spells                   Type           Power      Damage    Failure   Level
 Vhi's Electric Charge    Tloc/Air       0%         N/A       100%        3
 Arcjolt                  Conj/Air       0%         1d10      100%        5
 Plasma Beam              Fire/Air       0%         2x1d10    100%        6
 Maxwell's Capacitive Co  Air            0%         ∞         100%        8


Dungeon Overview and Level Annotations

Branches:
Dungeon (1/1)

Altars:
Ashenzari
Cheibriados
Dithmenos
Elyvilon
Fedhas
Gozag
Hepliaklqana
Kikubaaqudgha
Makhleb
Nemelex Xobeh
Okawaru
Qazlal
Ru
Sif Muna
Trog
Uskayaw
Vehumet
Wu Jian
Xom
Yredelemnul
Zin
The Shining One
Jiyva
Lugonu

Annotations:
D 1 transporter


Innate Abilities, Weirdness & Mutations

You are immune to sickness and miasma.
Your stone body is resilient. (AC +5)
You are immune to poison.
You resist negative energy. (rN+)
You are resistant to electric shocks. (rElec)
You are resistant to unholy torment.
You are immune to petrification.


Message History

You feel aware of your surroundings.
The air elemental hits you but does no damage.
The air elemental fires a burst of electricity at you.
The stunning burst hits you. You resist. The earth elemental barely misses you.
Something hits you but does no damage.
The air elemental fires a burst of electricity at you.
The stunning burst hits you but does no damage.
Unknown command.
Okay, then.
You crush the air elemental like a grape!!!
You destroy the air elemental!
Something completely misses you.
The deep elf zephyrmancer points at you and mumbles some strange words.
The bolt of lightning misses you. The earth elemental hits you!
* * * LOW HITPOINT WARNING * * *
Your piece from Xom's chessboard (15/15) has regained four charges.
Your Maces & Flails skill increases to level 9!
You have reached level 8!
You feel clever.
Unknown command.
You miss something. Something hits you but does no damage.
You closely miss something. Something hits you but does no damage.
The earth elemental closely misses you.
You closely miss something. Something hits you but does no damage.
The earth elemental hits you but does no damage.
Something hits you!
* * * LOW HITPOINT WARNING * * *
Unknown command.
You feel much better.
The deep elf zephyrmancer hits you but does no damage.
Something hits you!
Unknown command.
You sock something! You burn something. The earth elemental barely misses you.
Something hits you!
* * * LOW HITPOINT WARNING * * *
The deep elf zephyrmancer hits you but does no damage.
You barely miss something. Something hits you but does no damage.
The earth elemental hits you!!
You die...
Xom is highly amused! , ▓..©..▓..©..▓▓▓▓▓▓▓ , ,▓▓▓▓▓▓▓▓▓▓▓▓▓▓ ,,▓..8©8...▓, © , ,,▓..:/=...▓, SSS

, ▓...=....▓ ,S
S *
***▓........▓,
8,,,,▓..e.....▓,
,,
p,,▓..E.{...▓,
,C ▓...@....▓ ,,
▓▓▓▓▓▓▓▓▓▓ * ,,
,*,,,8 ,, 8 ,,*


ZZnZ , * ,ooo , , ,*,, nWn,,, , ooo ,, , ,,, , * , ,* * , ,,, , , * *, ,, , , ,
,,, ,,* , You could see an earth elemental (strong, unable to see you) and a
deep elf zephyrmancer (unable to see you, misshapen).

Vanquished Creatures
  A jumping spider (D)
  An air elemental (D)
  A jumping spider zombie (D)
  A spriggan (D)
  A black bear (D)
  3 scorpions (D)
  2 orc priests (D)
  An orc wizard (D)
11 creatures vanquished.

Notes
Turn   | Place    | Note
-------+----------+-------------------------------------------
     0 | D        | rocky1 the Gargoyle Fighter began the quest for the Orb.
     0 | D        | Reached XP level 1. HP: 14/14 MP: 1/1
     0 | D        | Found a shimmering blue altar of Sif Muna.
     0 | D        | Found a bloodstained altar of Trog.
     0 | D        | Found a sacrificial altar of Ru.
     0 | D        | Found a stormy altar of Qazlal.
     0 | D        | Found an iron altar of Okawaru.
     1 | D        | Found a sparkling altar of Nemelex Xobeh.
     1 | D        | Found a blossoming altar of Fedhas.
     1 | D        | Found the +6 Majin-Bo {spellvamp, MP+6 Int+6}
     1 | D        | Found the +27 heavy crossbow "Sniper" {heavy, Acc+∞ SInv}
     1 | D        | Found the +10 dark maul {heavy}
     1 | D        | Found the +15 Maxwell's patent armour {-Cast -Tele rElec
                  | Will+ rCorr}
     1 | D        | Found the +18 shield of the Gong {Loud rN+ Will+ rCorr
                  | EV-5}
     1 | D        | Found the +16 obsidian axe {drain, demonic, Mesm Drain Fly
                  | SInv}
     1 | D        | Found the +7 great mace "Firestarter" {flame, immolate,
                  | rFlCloud rF++}
     1 | D        | Found the +6 shillelagh "Devastator" {shatter}
     1 | D        | Found the +11 plutonium sword {Contam Stlth-}
     1 | D        | Found the +8 lance "Wyrmbane" {slay drac, rPois rF+ rC+
                  | AC+3}
     1 | D        | Found the +9 sword of Zonguldrok {reap}
     1 | D        | Found the +13 scythe of Curses {drain, curses, Drain}
     1 | D        | Found the +9 sword of Power {lifebolt}
     1 | D        | Found the +7 mace of Variability {chaos, chaos arc}
     1 | D        | Found the +11 Singing Sword {sonic wave}
     1 | D        | Found the +8 storm bow {elec, penet}
     3 | D        | Reached skill level 5 in Fighting
     3 | D        | Reached XP level 2. HP: 22/22 MP: 2/2
     8 | D        | Found a corrupted altar of Lugonu.
     8 | D        | Found an ancient bone altar of Kikubaaqudgha.
     8 | D        | Found a burning altar of Makhleb.
     8 | D        | Found a transporter.
     8 | D        | Found a viscous altar of Jiyva.
     8 | D        | Found a hazy altar of Hepliaklqana.
    38 | D        | Found an opulent altar of Gozag.
    56 | D        | Became a worshipper of Xom of Unknown Intent
    97 | D        | Entered arena 2.
    97 | D        | Noticed a spriggan
    97 | D        | Noticed a black bear
    97 | D        | Found a transporter.
   100 | D        | Killed a spriggan
   101 | D        | Reached skill level 7 in Fighting
   101 | D        | Reached skill level 5 in Maces & Flails
   101 | D        | Reached XP level 3. HP: 29/29 MP: 3/3
   101 | D        | Reached XP level 4. HP: 35/35 MP: 4/4
   101 | D        | Reached XP level 5. HP: 39/39 MP: 5/5
   101 | D        | XOM: potion effect (curing)
   101 | D        | Killed a black bear
   102 | D        | Reached skill level 8 in Fighting
   102 | D        | Reached XP level 6. HP: 45/45 MP: 6/6
   120 | D        | Entered arena 3.
   120 | D        | XOM: divination: detect creatures
   120 | D        | Found a transporter.
   133 | D        | Reached skill level 9 in Fighting
   223 | D        | Entered arena 4.
   223 | D        | Noticed a jumping spider
   223 | D        | Found a transporter.
   226 | D        | Reached skill level 1 in Evocations
   229 | D        | Reached XP level 7. HP: 38/51 MP: 7/7
   230 | D        | Killed a jumping spider
   233 | D        | Reached skill level 10 in Fighting
   239 | D        | XOM: cast spell 'Leda's Liquefaction'
   517 | D        | Entered arena 5.
   517 | D        | Noticed a deep elf zephyrmancer
   517 | D        | Noticed a deep elf knight
   517 | D        | Noticed an air elemental
   517 | D        | Found a transporter.
   520 | D        | Paralysed by an air elemental for 1 turns
   524 | D        | Paralysed by an air elemental for 1 turns
   525 | D        | XOM: divination: magic mapping
   526 | D        | Killed an air elemental
   527 | D        | Reached XP level 8. HP: 16/57 MP: 8/8
   532 | D        | Demolished by an earth elemental

Illustrated notes

Levels and vault maps discovered:
D:        sprint_v [room_start, room_1, room_2, room_3, room_4, room_5, room_6,
          room_7, room_8, room_9, room_10, room_11, room_12, room_13, room_14,
          room_15, room_16, room_17, room_18, room_19, room_20, room_21,
          room_22, room_23, room_24, room_25, room_26, room_27]

Skill      XL: |  1  2  3  4  5  6  7 |
---------------+----------------------+-----
Fighting       | 5 7 8 9 10 | 10.2
Maces & Flails | 4 5 7 9 |  9.7
Armour         | 4 7 9 |  9.9
Shields        | 4 6 7 |  7.6
Evocations     | 1 3 |  3.7

Action                     |  1- 3 |  4- 6 |  7- 9 || total
---------------------------+-------+-------+-------++-------
  Melee: Great mace        |     2 |    17 |    18 ||    37
  Evoke: Piece from Xom's  |       |     1 |     4 ||     5
    Use: Potion            |     2 |     1 |     5 ||     8
 Armour: Gold dragon scale |     5 |    31 |    46 ||    82
  Dodge: Dodged            |     2 |     2 |    16 ||    20

Table legend: (Time is in decaauts)
 A = Elapsed time spent in this place.
 B = Non-inter-level travel time spent in this place.
 C = Inter-level travel time spent in this place.
 D = Time resting spent in this place.
 E = Time spent auto-exploring this place.
 F = Levels seen in this place.
 G = Mean time per level.
                   A        B        C        D        E       F      G
               +--------+--------+--------+--------+--------+-----+--------+
         Total |    548 |    548 |      0 |    335 |      0 |   1 |  548.0 |
       Dungeon |    548 |    548 |      0 |    335 |      0 |   1 |  548.0 |
               +--------+--------+--------+--------+--------+-----+--------+

Top non-repeatable levels by time:
       D: 548 daAuts
